 Dungeon Crawl Stone Soup version 0.23.2-33-g5129a83 (webtiles) character file.

Game seed: 8722872082543979208

7889 armu12 the Fighter (level 11, -2/107 HPs)
             Began as a Minotaur Berserker on July 24, 2019.
             Was a High Priest of Trog.
             Slain by an unseen horror (7 damage)
             ... on level 8 of the Dungeon.
             The game lasted 00:34:34 (8344 turns).

armu12 the Fighter (Minotaur Berserker)             Turns: 8344, Time: 00:34:35

Health: -2/107     AC: 12    Str: 32    XL:     11   Next: 2%
Magic:  10/10      EV:  7    Int:  4    God:    Trog [*****.]
Gold:   568        SH: 14    Dex: 10    Spells: 10/10 levels left

rFire    + . .     SeeInvis .   b - +2 war axe
rCold    + . .     Gourm    .   x - +2 shield
rNeg     . . .     Faith    .   d - +0 plate armour
rPois    +         Spirit   .   (helmet restricted)
rElec    +         Reflect  .   f - +0 cloak
rCorr    +         Harm     .   (no gloves)
MR       .....     Rnd*Rage +   o - +0 pair of boots
Stlth    ..........             (no amulet)
HPRegen  0.27/turn              v - +3 ring of strength
MPRegen  0.12/turn              i - +4 ring of strength

@: resistant
A: retaliatory headbutt, horns 2, berserk 1, deformed body, wild magic 1,
MP-powered wands
a: Berserk, Trog's Hand, Brothers in Arms, Renounce Religion


You were on level 8 of the Dungeon.
You worshipped Trog.
Trog was extremely pleased with you.
You were not hungry.

You visited 1 branch of the dungeon, and saw 8 of its levels.

You collected 568 gold pieces.

Inventory:

Hand Weapons
 b - a +2 war axe (weapon)
 J - a +0 hunting sling of flaming
Armour
 d - a +0 plate armour (worn)
 f - a +0 cloak (worn)
 o - a +0 pair of boots (worn)
 x - a +2 shield (worn)
Jewellery
 e - an uncursed ring of fire
 i - a +4 ring of strength (right hand)
 k - an uncursed ring of wizardry {unknown}
 v - a +3 ring of strength (left hand)
 I - an uncursed amulet of magic regeneration {unknown}
Wands
 a - a wand of random effects (24)
 y - a wand of flame (13)
 z - a wand of iceblast (12)
Scrolls
 g - a scroll of magic mapping
 j - 4 scrolls of remove curse
 l - 5 scrolls of teleportation
 r - 4 scrolls of blinking
 A - a scroll of silence {unknown}
 C - a scroll of fog {unknown}
 E - a scroll of random uselessness {unknown}
 G - a scroll of immolation {unknown}
 H - a scroll of noise {unknown}
Potions
 h - a potion of agility
 m - a potion of ambrosia {unknown}
 q - a potion of magic {unknown}
 s - a potion of heal wounds {unknown}
 t - a potion of berserk rage {unknown}
 u - a potion of flight {unknown}
 w - 2 potions of brilliance {unknown}
 B - a potion of haste {unknown}
 D - 2 potions of degeneration {unknown}
 F - a potion of lignification {unknown}
Comestibles
 c - 9 rations


   Skills:
 * Level 13.1 Fighting
 + Level 9.9 Axes
 + Level 9.6 Armour
 - Level 2.1 Dodging
 + Level 8.4 Shields


You had 10 spell levels left.
You didn't know any spells.
Your spell library contained the following spells:

 Spells                   Type           Power        Failure   Level  Hunger
 Freeze                   Ice            #...         100%        1    ##.....
 Throw Frost              Conj/Ice       #.....       100%        2    ###....
 Ozocubu's Armour         Chrm/Ice       #.......     100%        3    ####...
 Summon Ice Beast         Ice/Summ       #.......     100%        4    #####..
 Throw Icicle             Conj/Ice       #.......     100%        4    #####..


Dungeon Overview and Level Annotations

Branches:
Dungeon (8/15)             Temple (0/1) D:4            Lair (0/6) D:8

Altars:
Dithmenos
Fedhas
Gozag
Nemelex Xobeh
Qazlal
Ru
Uskayaw
Wu Jian
Xom
Yredelemnul
Beogh


Innate Abilities, Weirdness & Mutations

You reflexively headbutt those who attack you in melee.
You have a pair of horns on your head.
You tend to lose your temper in combat.
Armour fits poorly on your strangely shaped body.
Your spells are a little harder to cast, but a little more powerful.
You expend magic power (3 MP) to strengthen your wands.


Message History

Something hits you but does no damage. You block something's attack.
Something hits you but does no damage.
You see here a scroll of blinking.
r - 4 scrolls of blinking (gained 1)
Something hits you but does no damage. Something hits your ogre.
Your ogre closely misses something.
You start resting.
Something hits you but does no damage.
Your ogre closely misses something.
You block something's attack.
You start resting.
Something hits you!
* * * LOW HITPOINT WARNING * * *
Your ogre misses something. Something hits you but does no damage.
You barely miss something. You headbutt something.
Your ogre barely misses something.
Something hits you but does no damage. Something hits you.
* * * LOW HITPOINT WARNING * * *
You miss something. Something hits you but does no damage.
Your ogre closely misses something.
Something hits you.
* * * LOW HITPOINT WARNING * * *
You slice something!! You headbutt something! Something hits you!
You die...

###......########..#.........##..
........##******##......#........
.#.....## *,,,,* ##.....#........
.#.....#***#.#*** #.#...##..##...
.#.....#*,*#.#*,* #<#(()##..##...
.)..##.+,,,...,,* ####(()(..##...
..#....#*,*#.#*,* ##..........
....#..#**##.######## ##..#...###
....#..#***...*#@...# ##.#.#..##
.......##,*#.#####O#### #.#.##...
.....#.##.##.##.##.##.# #...#*###
#....#)##.............# ##### #
###....##.##.##.##.##.# ***#
#.##.##**#.#####.##(##### *...
#....# *,..[* #...###..[###*.##
####...##*########.#####.##.#*,*
........# #.##(##(##.##.#*,*


You could see a friendly ogre (berserk).

Vanquished Creatures
  2 centaur warriors (D:8)
  2 two-headed ogres (D:8)
  An ugly thing (D:8)
  Prince Ribbit (D:6)
  Eustachio (D:4)
  A yak (D:8)
  Edmund (D:4)
  Duvessa (D:6)
  2 ice beasts
  2 orc warriors (D:6)
  5 ogres
  3 centaurs
  A crocodile (D:7)
  6 bullfrogs
  Dowan (D:6)
  2 scorpions (D:4)
  A howler monkey (D:5)
  4 jellies
  3 crimson imps (D:8)
  4 hounds
  A gnoll shaman (D:8)
  5 orc priests
  Crazy Yiuf (D:2)
  5 bullfrog skeletons
  A centaur skeleton (D:5)
  An iguana (D:5)
  6 orc wizards
  3 worker ants
  A hound zombie (D:6)
  3 hound skeletons
  Robin (D:2)
  19 gnolls
  10 adders
  A howler monkey skeleton (D:4)
  3 shadow imps
  8 oozes (D:4)
  2 adder skeletons
  2 dart slugs
  5 leopard geckos
  26 orcs
  8 bats
  7 giant cockroaches
  7 goblins
  10 hobgoblins
  13 jackals
  14 kobolds
  3 quokkas
  4 frilled lizards
  A quokka zombie (D:5)
  13 rats
  A rat zombie (D:5)
229 creatures vanquished.

Vanquished Creatures (collateral kills)
  Erica (D:8)
  A tengu warrior (D:8)
  A centaur skeleton (D:8)
  Blork the orc (D:5)
  A hound (D:8)
  A worker ant (D:8)
  A gnoll (D:8)
  3 jackals (D:5)
10 creatures vanquished.

Vanquished Creatures (others)
  11 toadstools
11 creatures vanquished.

Grand Total: 250 creatures vanquished

Notes
Turn   | Place    | Note
-------+----------+-------------------------------------------
     0 | D:1      | armu12 the Minotaur Berserker began the quest for the Orb.
     0 | D:1      | Reached XP level 1. HP: 19/19 MP: 0/0
   280 | D:1      | Reached skill level 4 in Fighting
   331 | D:1      | Reached XP level 2. HP: 27/27 MP: 1/1
   712 | D:1      | Reached ** piety under Trog
   928 | D:2      | Noticed a bullfrog
   937 | D:2      | Killed a bullfrog
   937 | D:2      | Reached skill level 5 in Fighting
   937 | D:2      | Reached XP level 3. HP: 36/36 MP: 2/2
   937 | D:2      | Reached XP level 4. HP: 42/42 MP: 3/3
  1046 | D:2      | Noticed Robin
  1057 | D:2      | Killed Robin
  1242 | D:2      | Reached XP level 5. HP: 43/48 MP: 4/4
  1292 | D:2      | Found a runed translucent door.
  1293 | D:2      | Noticed Crazy Yiuf
  1676 | D:2      | Killed Crazy Yiuf
  2003 | D:3      | Gained mutation: Your spells are a little harder to cast,
                  | but a little more powerful. [potion of mutation]
  2003 | D:3      | Gained mutation: Armour fits poorly on your strangely
                  | shaped body. [potion of mutation]
  2003 | D:3      | Gained mutation: You tend to lose your temper in combat.
                  | [potion of mutation]
  2003 | D:3      | Gained mutation: You expend magic power (3 MP) to
                  | strengthen your wands. [potion of mutation]
  2536 | D:3      | Reached skill level 6 in Fighting
  2537 | D:3      | Reached skill level 5 in Axes
  2880 | D:3      | Reached *** piety under Trog
  2925 | D:3      | Reached XP level 6. HP: 56/58 MP: 5/5
  3165 | D:4      | Noticed Eustachio
  3169 | D:4      | Reached skill level 1 in Shields
  3182 | D:4      | Killed Eustachio
  3182 | D:4      | Reached skill level 7 in Fighting
  3232 | D:4      | Reached XP level 7. HP: 61/66 MP: 6/6
  3511 | D:4      | Reached skill level 5 in Armour
  3804 | D:5      | Entered Level 5 of the Dungeon
  3804 | D:5      | Found an opulent altar of Gozag.
  4362 | D:4      | Noticed Edmund
  4376 | D:4      | Killed Edmund
  4376 | D:4      | Reached skill level 8 in Fighting
  4807 | D:4      | Found a staircase to the Ecumenical Temple.
  5073 | D:4      | Found a stormy altar of Qazlal.
  5144 | D:4      | Reached XP level 8. HP: 66/75 MP: 7/7
  5180 | D:4      | Found a roughly hewn altar of Beogh.
  5277 | D:5      | Reached **** piety under Trog
  5447 | D:5      | Found a hide-covered altar of Uskayaw.
  5462 | D:5      | Found a shadowy altar of Dithmenos.
  5464 | D:5      | Found a shimmering altar of Xom.
  5501 | D:5      | Noticed Blork the orc
  5512 | D:5      | Killed Blork the orc
  5540 | D:5      | Found a blossoming altar of Fedhas.
  5589 | D:5      | Reached skill level 9 in Fighting
  5704 | D:5      | Found a sacrificial altar of Ru.
  6120 | D:6      | Noticed Duvessa
  6120 | D:6      | Noticed Dowan
  6123 | D:6      | Killed Duvessa
  6134 | D:6      | Killed Dowan
  6245 | D:6      | Noticed Prince Ribbit
  6258 | D:6      | Killed Prince Ribbit
  6258 | D:6      | Reached skill level 10 in Fighting
  6258 | D:6      | Reached skill level 5 in Shields
  6258 | D:6      | Reached XP level 9. HP: 85/85 MP: 8/8
  6331 | D:6      | Found a basalt altar of Yredelemnul.
  6819 | D:7      | Reached ***** piety under Trog
  7200 | D:7      | Found a sparkling altar of Nemelex Xobeh.
  7271 | D:7      | Reached skill level 11 in Fighting
  7417 | D:8      | Found a staircase to the Lair.
  7465 | D:8      | Found an ornate altar of the Wu Jian Council.
  7527 | D:8      | Noticed Erica
  7553 | D:8      | Killed Erica
  7553 | D:8      | Reached XP level 10. HP: 54/96 MP: 9/9
  7942 | D:8      | Noticed a two-headed ogre
  7945 | D:8      | Noticed a two-headed ogre
  7950 | D:8      | Killed a two-headed ogre
  7950 | D:8      | Reached skill level 12 in Fighting
  7954 | D:8      | Killed a two-headed ogre
  8007 | D:8      | Noticed a tengu warrior
  8015 | D:8      | Noticed a centaur warrior
  8018 | D:8      | Killed a tengu warrior
  8023 | D:8      | Killed a centaur warrior
  8028 | D:8      | Noticed a cyan ugly thing
  8038 | D:8      | Killed a cyan ugly thing
  8038 | D:8      | Reached skill level 13 in Fighting
  8042 | D:8      | Received a gift from Trog
  8107 | D:8      | Noticed a centaur warrior
  8120 | D:8      | Killed a centaur warrior
  8120 | D:8      | Reached XP level 11. HP: 46/107 MP: 10/10
  8343 | D:8      | HP: 5/107 [something (1)]
  8344 | D:8      | Slain by an unseen horror

Skill      XL: |  1  2  3  4  5  6  7  8  9 10 |
---------------+-------------------------------+-----
Fighting       | 4 5 6 7 8 10 11 13 | 13.1
Axes           | 4 5 6 7 8 9 |  9.9
Armour         | 3 4 5 6 8 9 |  9.6
Shields        | 1 3 5 6 8 |  8.4
Dodging        | |  2.1

Action                   |  1- 3 |  4- 6 |  7- 9 | 10-12 || total
-------------------------+-------+-------+-------+-------++-------
Melee: Hand axe          |    65 |    62 |       |       ||   127
       Headbutt          |     9 |    24 |    59 |    26 ||   118
       War axe           |       |    58 |   302 |    64 ||   424
       Unarmed           |       |     2 |       |       ||     2
Invok: Berserk           |     1 |     2 |     4 |     1 ||     8
       Brothers in Arms  |       |       |     3 |     2 ||     5
  Use: Scroll            |       |     5 |     8 |     2 ||    15
       Potion            |       |     2 |     1 |     1 ||     4
  Eat: Chunk             |       |     3 |    11 |     2 ||    16
       Ration            |       |     2 |     2 |     1 ||     5
Armor: Robe              |     9 |       |       |       ||     9
       Ring mail         |     2 |    46 |    10 |       ||    58
       Plate armour      |       |       |   104 |    64 ||   168
Dodge: Dodged            |    41 |    83 |   111 |    13 ||   248
Block: Buckler           |       |     3 |    26 |       ||    29
       Shield            |       |       |    93 |    53 ||   146
